 Dungeon Crawl Stone Soup version 0.29.1-4-g47bece8355 (webtiles) character file.

Game seed: 10948244342009751836

4096 Radix the Fighter (level 10, -8/80 HPs)
             Began as a Djinni Fire Elementalist on Dec 12, 2022.
             Was a Follower of Makhleb.
             Mangled by a wight
             ... wielding a +5 flail of freezing
              (16 damage)
             ... on level 8 of the Dungeon.
             The game lasted 01:39:10 (9406 turns).

Radix the Fighter (Djinni Fire Elementalist)        Turns: 9406, Time: 01:39:11

Health: -8/80      AC:  4    Str:  7    XL:     10   Next: 50%
Gold:   313        EV: 12    Int: 22    God:    Makhleb [*.....] SH:  5 Dex: 13

rFire   + + +      SeeInvis .   y - +4 quarterstaff (chaos)
rCold   x x .      Faith    .   (shield currently unavailable)
rNeg    . . .      Spirit   .   a - +0 robe
rPois   ∞          Reflect  +   (no helmet)
rElec   .          Harm     .   z - +0 cloak
rCorr   .          Rampage  .   v - +0 pair of gloves
Will    +....                   (boots unavailable)
Stlth   ++........              r - amulet of reflection
HPRegen 0.23/turn               u - ring of fire
MPRegen 0.00/turn               (no ring)

@: about to teleport, flying, very slightly contaminated
A: sickness immunity, fire resistance 2, cold vulnerability 1, float, innate
caster, HP casting, extra vitality 1
a: Renounce Religion


You were on level 8 of the Dungeon.
You worshipped Makhleb.
Makhleb was aware of your devotion.
You visited 2 branches of the dungeon, and saw 9 of its levels.

You collected 412 gold pieces.
You spent 99 gold pieces at shops.

Inventory:

Hand Weapons
 j - a +1 dagger of venom
 q - the +2 hammer "Vaeputil" {vorpal, *Corrode rC+ Dex+4}
   (You found it on level 3 of the Dungeon)

   It inflicts extra damage upon your enemies.
   Dex:       It affects your dexterity (+4).
   rC:        It protects you from cold.
   *Corrode:  It may corrode you when you take damage.
 y - a +4 quarterstaff of chaos (weapon)
 I - a +1 vampiric falchion
Missiles
 m - 3 curare-tipped darts
 n - 3 atropa-tipped darts
Armour
 a - a +0 robe (worn)
 l - a scarf of repulsion
 p - a +0 buckler
 v - a +0 pair of gloves (worn)
 z - a +0 cloak (worn)
Jewellery
 r - an amulet of reflection (around neck)
 u - a ring of fire (left hand)
Wands
 A - a wand of polymorph (11)
 E - a wand of flame (29)
 F - a wand of iceblast (11)
 G - a wand of paralysis (7)
Scrolls
 d - 6 scrolls of identify
 f - a scroll of blinking {unknown}
 i - a scroll of magic mapping {unknown}
 o - 2 scrolls of amnesia
 x - a scroll of poison {unknown}
 B - a scroll of fear {unknown}
 C - 2 scrolls of enchant weapon {unknown}
 D - a scroll of silence {unknown}
 J - a scroll of enchant armour {unknown}
Potions
 b - a potion of brilliance {unknown}
 c - a potion of curing
 e - 2 potions of attraction
 g - 2 potions of lignification
 k - 2 potions of flight {unknown}
 s - a potion of ambrosia {unknown}
 t - 4 potions of heal wounds {unknown}
 w - a potion of haste {unknown}
 H - 2 potions of invisibility {unknown}


   Skills:
 + Level 10.2 Fighting
 - Level 2.1 Dodging
 - Level 1.5 Stealth
 + Level 8.4 Spellcasting


You had 3 spell levels left.
You knew the following spells:

 Your Spells              Type           Power      Damage    Failure   Level
a - Foxfire               Conj/Fire      100%       2x1d9     1%          1
b - Scorch                Fire           100%       2d10      1%          2
c - Conjure Flame         Conj/Fire      63%        6-21      1%          3
d - Inner Flame           Hex/Fire       63%        N/A       1%          3
e - Flame Wave            Conj/Fire      63%        2d15      2%          4
f - Necrotise             Necr           100%       1d9       1%          1
g - Call Imp              Summ           46%        N/A       1%          2
h - Call Canine Familiar  Summ           46%        N/A       1%          3
i - Portal Projectile     Hex/Tloc       92%        N/A       1%          3
Your spell library was empty.

Dungeon Overview and Level Annotations

Branches:
Dungeon (8/15)             Temple (1/1) D:7
   Lair: D:8-11

Altars:
Ashenzari
Cheibriados
Dithmenos
Elyvilon
Fedhas
Gozag
Hepliaklqana
Makhleb
Okawaru
Trog
Uskayaw
Wu Jian
Yredelemnul
Zin
The Shining One

Shops:
D:4 !   D:7 (


Innate Abilities, Weirdness & Mutations

You are immune to sickness and miasma.
You are immune to poison.
Your flesh is very heat resistant. (rF++)
You are vulnerable to cold. (rC-)
You float through the air rather than walking.
You learn spells naturally, not from books.
Your magical power is your life essence.
You have superior vitality. (+4 MHP)


Message History

* * * LOW HITPOINT WARNING * * *
The ice beast barely misses you.
A wave of flame ripples out!
The flame wave engulfs the ice beast!
The ice beast melts!
The ice beast is almost dead.
The flame wave engulfs the wight.
The wight is moderately damaged.
The flame wave engulfs the wight!
You destroy the wight!
Makhleb accepts your kill.
You feel better.
The ice beast hits you but does no damage.
The wight misses you.
You feel better.
The ice beast is no longer more vulnerable to fire.
The ice beast hits you but does no damage.
The wight hits you with a +5 flail of freezing!
* * * LOW HITPOINT WARNING * * *
The wight freezes you.
* * * LOW HITPOINT WARNING * * *
Casting: Flame Wave (dangerous; 2% risk of failure)
Confirm with . or Enter, or press ? or * to list all spells.
Casting: Flame Wave (dangerous; 2% risk of failure)
Press: ? - help, Dir - look around, f - activate You feel a surge of power!
You miscast Flame Wave.
You are very lightly contaminated with residual magic.
Nothing appears to happen.
* * * LOW HITPOINT WARNING * * *
You block the ice beast's attack.
The wight hits you with a +5 flail of freezing.
* * * LOW HITPOINT WARNING * * *
The wight freezes you.
* * * LOW HITPOINT WARNING * * *
As you read the scroll of teleportation, it crumbles to dust.
You feel strangely unstable. The ice beast barely misses you.
You block the wight's attack.
Unknown command.
The ice beast hits you but does no damage.
The wight hits you with a +5 flail of freezing!
You die...

#.... .... ..z # ..
. ... #.## # ..
....# #..# .##...
......###)###......
#.<.)Y.z..#.#
#.)...@))..<#
.....).)......##
..###)).........#
...............
...........##.##
..##........# .# ..
#......... .
#........#.


You could see an ice beast and a wight.

Vanquished Creatures
  5 yaks (D:7)
  A steam dragon (D:7)
  2 water moccasins
  An ice beast (D:7)
  Duvessa (D:5)
  2 black bears
  An ogre (D:6)
  A centaur (D:7)
  A phantom (D:7)
  2 kobold brigands
  4 bullfrogs
  Blork the orc (D:6)
  3 necrophages
  9 wights
  Dowan (D:5)
  5 killer bees (D:7)
  4 jellies
  7 hounds
  4 orc priests
  Crazy Yiuf (D:3)
  4 iguanas
  Jessica (D:2)
  An orc wizard (D:8)
  Ijyb (D:5)
  Natasha (thrice) (D:2)
  6 adders
  4 gnolls (D:5)
  A shadow imp (D:8)
  A white imp (D:7)
  4 dart slugs
  27 orcs
  3 ball pythons
  5 bats
  5 endoplasms
  7 goblins
  7 hobgoblins
  3 quokkas
  6 frilled lizards
  15 kobolds
  6 rats
166 creatures vanquished.

Vanquished Creatures (collateral kills)
  A scorpion (D:7)
  A dart slug (D:3)
  2 orcs
  A giant cockroach (D:4)
  4 goblins
  A kobold (D:2)
  A quokka (D:3)
11 creatures vanquished.

Vanquished Creatures (others)
  54 foxfires
54 creatures vanquished.

Grand Total: 231 creatures vanquished

Notes
Turn   | Place    | Note
-------+----------+-------------------------------------------
     0 | D:1      | Radix the Djinni Fire Elementalist began the quest for the
                  | Orb.
     0 | D:1      | Radix set off with the following spells memorised: Foxfire,
                  | Scorch, Conjure Flame, Inner Flame, Flame Wave.
     0 | D:1      | Reached XP level 1. HP: 15/15 MP: 0/0
   361 | D:1      | Reached XP level 2. HP: 7/21 MP: 0/0
  1800 | D:1      | Reached XP level 3. HP: 11/26 MP: 0/0
  1800 | D:1      | Learned a level 1 spell: Necrotise
  2289 | D:2      | Reached skill level 1 in Fighting
  2397 | D:2      | Noticed Jessica
  2408 | D:2      | Killed Jessica
  2409 | D:2      | Reached XP level 4. HP: 26/33 MP: 0/0
  2438 | D:2      | Noticed Natasha
  2519 | D:2      | Killed Natasha
  2520 | D:2      | Reached skill level 2 in Fighting
  2565 | D:2      | Noticed Natasha
  2571 | D:2      | Killed Natasha
  2572 | D:2      | Reached XP level 5. HP: 31/39 MP: 0/0
  2572 | D:2      | Learned a level 2 spell: Call Imp
  2799 | D:2      | Noticed Natasha
  2807 | D:2      | Killed Natasha
  3094 | D:3      | Found a shadowy altar of Dithmenos.
  3571 | D:3      | Found a runed translucent door.
  3571 | D:3      | Identified the +2 hammer "Vaeputil" {vorpal, *Corrode rC+
                  | Dex+4}
  3573 | D:3      | Noticed Crazy Yiuf
  3587 | D:3      | Found a hazy altar of Hepliaklqana.
  3596 | D:3      | Reached skill level 3 in Fighting
  3913 | D:3      | Reached XP level 6. HP: 40/46 MP: 0/0
  4286 | D:4      | Noticed a water moccasin
  4294 | D:4      | Killed a water moccasin
  4295 | D:4      | Reached skill level 4 in Fighting
  4295 | D:4      | Reached XP level 7. HP: 36/53 MP: 0/0
  4295 | D:4      | Learned a level 3 spell: Call Canine Familiar
  4419 | D:4      | Found Zoeneam's Distillery.
  4431 | D:4      | Bought a potion of curing for 33 gold pieces
  4431 | D:4      | Bought a potion of curing for 33 gold pieces
  4431 | D:4      | Bought a potion of curing for 33 gold pieces
  5131 | D:5      | Entered Level 5 of the Dungeon
  5176 | D:5      | Reached skill level 5 in Fighting
  5176 | D:5      | Reached skill level 5 in Spellcasting
  5413 | D:5      | Noticed Duvessa
  5413 | D:5      | Noticed Dowan
  5432 | D:5      | Noticed Ijyb
  5498 | D:5      | Found a bloodstained altar of Trog.
  5514 | D:5      | Reached XP level 8. HP: 43/60 MP: 0/0
  6043 | D:5      | Found a basalt altar of Yredelemnul.
  6051 | D:5      | Reached skill level 6 in Fighting
  6397 | D:3      | Killed Crazy Yiuf
  6618 | D:5      | Killed Ijyb
  6631 | D:5      | Killed Duvessa
  6637 | D:5      | Killed Dowan
  7262 | D:6      | Reached skill level 7 in Fighting
  7304 | D:6      | Reached XP level 9. HP: 52/68 MP: 0/0
  7304 | D:6      | Learned a level 3 spell: Portal Projectile
  7579 | D:6      | Noticed Blork the orc
  7595 | D:6      | Killed Blork the orc
  8006 | D:7      | Reached skill level 8 in Fighting
  8344 | D:7      | Found a snail-covered altar of Cheibriados.
  8365 | D:7      | Found Cerong's Antique Weapon Boutique.
  8871 | D:7      | Reached skill level 9 in Fighting
  8872 | D:7      | Found a staircase to the Ecumenical Temple.
  8879 | D:7      | Reached XP level 10. HP: 68/78 MP: 0/0
  8988 | Temple   | Entered the Ecumenical Temple
  8995 | Temple   | Became a worshipper of Makhleb the Destroyer
  9078 | D:7      | Reached skill level 10 in Fighting
  9395 | D:8      | Reached * piety under Makhleb
  9406 | D:8      | Mangled by a wight

Illustrated notes

Levels and vault maps discovered:
D:1:      elethiomel_arrival_shortcut, layout_loops_corners
D:2:      layout_rooms, uniq_jessica, uniq_natasha
D:3:      layout_loops_ring, old_standard_altar, nicolae_overflow_crystal_walls,
          uniq_crazy_yiuf_cottage
D:4:      layout_rooms, serial_shops, nicolae_square_shop
D:5:      minmay_chambers_of_fours, layout_cave_pods,
          mainiacjoe_overflow_concentric_impassable,
          kennysheep_decorative_pillar, kennysheep_small_circle, uniq_ijyb,
          uniq_duvessa
D:6:      layout_rooms, uniq_blork_the_orc
D:7:      layout_loops_ring, mainiacjoe_overflow_tiny_flanked, temple_fountains,
          serial_shops, nicolae_stop_n_shop_1, minmay_statues_item
D:8:      layout_rooms, mainiacjoe_overflow_big_doors, amcnicky_altar_gilded,
          tgw_kikubaaqudgha, serial_shops, shop
Temple:   compressed_dpeg_triangle_lava_temple

Skill      XL: |  1  2  3  4  5  6  7  8  9 10 |
---------------+-------------------------------+-----
Spellcasting   | 3 4 5 6 7 8 |  8.4
Fighting       | 1 2 3 4 5 7 9 10 | 10.2
Dodging        | |  2.1
Stealth        | |  1.5

Action                   |  1- 3 |  4- 6 |  7- 9 | 10-12 || total
-------------------------+-------+-------+-------+-------++-------
Melee: Unarmed           |    12 |       |       |       ||    12
       Dagger            |       |    29 |     9 |       ||    38
       Punch             |       |     1 |       |       ||     1
       Quarterstaff      |       |       |     9 |     1 ||    10
 Cast: Foxfire           |    27 |     5 |     2 |       ||    34
       Scorch            |     1 |    28 |    89 |    18 ||   136
       Necrotise         |    14 |    12 |    13 |     1 ||    40
       Call Imp          |       |     9 |    13 |       ||    22
       Inner Flame       |       |       |    15 |     2 ||    17
       Call Canine Famil |       |       |     4 |       ||     4
       Flame Wave        |       |       |     9 |     6 ||    15
  Use: Scroll            |     1 |     1 |     3 |     1 ||     6
       Potion            |     1 |       |     5 |     3 ||     9
Armor: Robe              |     7 |     7 |     2 |     4 ||    20
Dodge: Dodged            |    25 |    27 |    24 |     8 ||    84
Block: Other             |       |     2 |    13 |     7 ||    22
       Reflection        |       |       |     2 |       ||     2
